General information
- name: BNet
- type: Ladder team game (AT/RT)
- host: Battle.net
- saver: DoubleADoubleV
map: Friends
- players: 8
- length: 64:20
- speed: Fast
- version: 1.26 W3XP
- replay type: Public
» download(336 KB)
Players
team 1 (loser)

»
AnDoRiNhA_rOx. (
green | 39 APM | 2403 actions | 61:07)
8 Blademaster
3 Wind Walk
3 Critical Strike
1 Bladestorm
1 Mirror Image
» actions
| Assign group hotkey | 38 | |
| Build / train | 74 | |
| ESC pressed | 8 | |
| Enter build submenu | 13 | |
| Enter hero's abilities submenu | 8 | |
| Right click | 931 | |
| Select / deselect | 339 | |
| Select group hotkey | 900 | |
| Use ability | 89 | |
2403 total
» units
| Peon | 10 | |
| Grunt | 8 | |
| Raider | 17 | |
| Troll Witch Doctor | 3 | |
| Shaman | 3 | |
41 total
» upgrades
| Ranged Weapons | 2 | |
| Armor | 2 | |
| Berserker Strength | 1 | |
| Pillage | 1 | |
| Ensnare | 1 | |
| Shaman Training | 2 | |
| Witch Doctor Training | 2 | |
| Melee Weapons | 2 | |
| Reinforced Defenses | 1 | |
14 total
» buildings
| Altar of Storms | 1 | |
| Orc Burrow | 7 | |
| Barracks | 1 | |
| War Mill | 1 | |
| Stronghold | 3 | |
| Voodoo Lounge | 1 | |
| Watch Tower | 1 | |
| Beastiary | 1 | |
| Fortress | 1 | |
| Spirit Lodge | 1 | |
18 total
» build order
00:24 Altar of Storms
00:36 Orc Burrow
00:54 Barracks
01:32 War Mill
02:18 Orc Burrow
03:05 Stronghold
03:06 Stronghold
03:06 Stronghold
03:30 Voodoo Lounge
03:49 Orc Burrow
04:48 Watch Tower
06:05 Beastiary
07:32 Orc Burrow
08:45 Fortress
08:49 Spirit Lodge
09:21 Orc Burrow
09:21 Orc Burrow
10:12 Orc Burrow
» items
| Scroll of Regeneration | 2 | |
| Scroll of Town Portal | 1 | |
| Orb of Venom | 1 | |
| Red Drake Egg | 1 | |
| Inferno Stone | 1 | |
6 total

»
banmihi (
teal | 17 APM | 1101 actions | 64:19)
7 Keeper of the Grove
1 Force of Nature
3 Thorns Aura
2 Entangling Roots
1 Tranquility
» actions
| Assign group hotkey | 30 | |
| Basic commands | 2 | |
| Build / train | 72 | |
| Enter build submenu | 29 | |
| Enter hero's abilities submenu | 7 | |
| Remove unit from queue | 1 | |
| Right click | 472 | |
| Select / deselect | 277 | |
| Select group hotkey | 159 | |
| Use ability | 52 | |
1101 total
» units
| Wisp | 22 | |
| Archer | 3 | |
| Huntress | 7 | |
| Dryad | 6 | |
| Hippogryph | 12 | |
| Chimaera | 5 | |
55 total
» upgrades
| Strength of the Wild | 1 | |
| Abolish Magic | 1 | |
| Corrosive Breath | 1 | |
| Reinforced Hides | 1 | |
4 total
» buildings
| Altar of Elders | 3 | |
| Ancient of War | 3 | |
| Moon Well | 12 | |
| Hunter's Hall | 1 | |
| Tree of Ages | 2 | |
| Ancient of Wonders | 1 | |
| Ancient of Lore | 1 | |
| Ancient of Wind | 1 | |
| Tree of Eternity | 1 | |
| Chimaera Roost | 2 | |
| Tree of Life | 2 | |
29 total
» build order
00:31 Altar of Elders
01:10 Ancient of War
01:33 Moon Well
02:11 Ancient of War
02:34 Moon Well
02:54 Hunter's Hall
03:30 Moon Well
04:38 Moon Well
05:24 Tree of Ages
07:32 Altar of Elders
08:02 Ancient of Wonders
08:28 Ancient of Lore
08:36 Ancient of Wind
08:42 Moon Well
08:43 Tree of Eternity
09:44 Moon Well
12:00 Moon Well
12:10 Moon Well
12:22 Moon Well
12:28 Chimaera Roost
12:33 Chimaera Roost
13:18 Moon Well
24:33 Tree of Life
25:07 Ancient of War
26:29 Moon Well
31:40 Tree of Ages
33:24 Moon Well
39:17 Tree of Life
40:02 Altar of Elders
» items
HeadsWillRolI (
orange | 42 APM | 2706 actions | 64:19)
10 Archmage
3 Summon Water Elemental
3 Brilliance Aura
1 Mass Teleport
3 Blizzard
» actions
| Assign group hotkey | 143 | |
| Basic commands | 204 | |
| Build / train | 130 | |
| Enter build submenu | 61 | |
| Enter hero's abilities submenu | 10 | |
| Give item / drop item | 6 | |
| Remove unit from queue | 2 | |
| Right click | 1045 | |
| Select / deselect | 534 | |
| Select group hotkey | 336 | |
| Use ability | 235 | |
2706 total
» units
| Peasant | 28 | |
| Footman | 3 | |
| Rifleman | 4 | |
| Goblin Shredder | 1 | |
| Goblin Zeppelin | 1 | |
| Gryphon Rider | 14 | |
| Goblin Sapper | 13 | |
| Dragonhawk Rider | 4 | |
68 total
» upgrades
| Masonry | 3 | |
| Lumber Harvesting | 1 | |
| Armor | 3 | |
| Swords | 3 | |
| Storm Hammers | 1 | |
| Animal War Training | 1 | |
| Cloud | 1 | |
13 total
» buildings
| Altar of Kings | 1 | |
| Barracks | 2 | |
| Farm | 13 | |
| Blacksmith | 1 | |
| Lumber Mill | 1 | |
| Arcane Vault | 1 | |
| Scout Tower | 55 | |
| Guard Tower | 12 | |
| Keep | 1 | |
| Castle | 1 | |
| Gryphon Aviary | 6 | |
| Town Hall | 2 | |
| Arcane Sanctum | 1 | |
97 total
» build order
00:48 Altar of Kings
00:51 Barracks
00:54 Farm
01:04 Barracks
01:06 Farm
02:00 Farm
02:45 Blacksmith
02:50 Lumber Mill
03:57 Arcane Vault
04:05 Farm
04:30 Scout Tower
04:31 Scout Tower
04:32 Scout Tower
04:41 Farm
04:50 Farm
05:23 Guard Tower
05:27 Guard Tower
06:38 Keep
07:34 Scout Tower
07:35 Scout Tower
07:36 Scout Tower
07:38 Scout Tower
07:39 Scout Tower
07:40 Scout Tower
09:10 Castle
09:14 Guard Tower
10:21 Scout Tower
10:22 Scout Tower
10:23 Scout Tower
10:24 Scout Tower
10:25 Scout Tower
10:26 Scout Tower
10:27 Scout Tower
10:27 Scout Tower
10:31 Scout Tower
10:32 Scout Tower
10:33 Scout Tower
10:34 Scout Tower
10:35 Scout Tower
10:36 Scout Tower
10:38 Scout Tower
10:40 Scout Tower
11:06 Gryphon Aviary
11:06 Gryphon Aviary
12:05 Guard Tower
14:21 Guard Tower
14:34 Town Hall
14:39 Scout Tower
14:41 Scout Tower
14:42 Scout Tower
14:43 Scout Tower
14:45 Scout Tower
14:46 Scout Tower
14:47 Scout Tower
14:47 Scout Tower
14:50 Scout Tower
14:51 Scout Tower
15:45 Scout Tower
15:46 Scout Tower
15:48 Scout Tower
15:53 Scout Tower
15:54 Scout Tower
15:54 Scout Tower
15:57 Scout Tower
15:58 Scout Tower
16:00 Scout Tower
16:00 Scout Tower
16:28 Farm
16:48 Guard Tower
16:53 Guard Tower
16:56 Guard Tower
17:45 Guard Tower
17:49 Guard Tower
18:39 Guard Tower
22:12 Gryphon Aviary
22:13 Gryphon Aviary
22:15 Gryphon Aviary
22:17 Gryphon Aviary
24:16 Farm
24:17 Farm
24:20 Farm
24:23 Farm
24:24 Farm
32:23 Town Hall
38:34 Farm
42:29 Arcane Sanctum
42:35 Scout Tower
42:37 Scout Tower
42:38 Scout Tower
42:44 Scout Tower
42:47 Scout Tower
42:48 Scout Tower
42:50 Scout Tower
42:52 Scout Tower
42:54 Scout Tower
42:56 Scout Tower
43:48 Guard Tower
» items
| Healing Salve | 3 | |
| Scroll of Town Portal | 2 | |
| Orb of Lightning | 1 | |
| Tiny Great Hall | 1 | |
| Runed Bracers | 1 | |
| Robe of the Magi +6 | 1 | |
| Health Stone | 1 | |
| Potion of Restoration | 1 | |
| Potion of Healing | 1 | |
| Scroll of Regeneration | 1 | |
| Potion of Mana | 2 | |
| Lesser Clarity Potion | 3 | |
| Mechanical Critter | 1 | |
19 total

»
sagerncules (
yellow | 54 APM | 2324 actions | 42:56)
5 Dark Ranger
2 Black Arrow
1 Silence
2 Life Drain
» actions
| Assign group hotkey | 14 | |
| Basic commands | 123 | |
| Build / train | 92 | |
| Enter build submenu | 38 | |
| Enter hero's abilities submenu | 6 | |
| Remove unit from queue | 2 | |
| Right click | 1294 | |
| Select / deselect | 512 | |
| Select group hotkey | 178 | |
| Use ability | 65 | |
2324 total
» units
| Peasant | 22 | |
| Footman | 4 | |
| Rifleman | 5 | |
| Siege Engine | 16 | |
| Knight | 3 | |
| Mortar Team | 9 | |
| Flying Machine | 1 | |
60 total
» upgrades
| Barrage | 1 | |
| Gunpowder | 3 | |
| Lumber Harvesting | 1 | |
| Plating | 3 | |
| Armor | 1 | |
9 total
» buildings
| Altar of Kings | 1 | |
| Farm | 10 | |
| Barracks | 2 | |
| Scout Tower | 20 | |
| Lumber Mill | 1 | |
| Arcane Tower | 0 | |
| Guard Tower | 8 | |
| Keep | 2 | |
| Blacksmith | 1 | |
| Castle | 2 | |
| Workshop | 3 | |
| Town Hall | 1 | |
| Cannon Tower | 1 | |
| Arcane Sanctum | 1 | |
53 total
» build order
00:11 Altar of Kings
00:20 Farm
01:19 Barracks
01:29 Scout Tower
01:46 Lumber Mill
02:32 Arcane Tower
02:40 Guard Tower
03:11 Farm
03:39 Scout Tower
03:48 Keep
04:09 Scout Tower
04:11 Guard Tower
04:35 Scout Tower
04:39 Guard Tower
04:49 Farm
05:13 Blacksmith
05:16 Guard Tower
05:48 Scout Tower
06:52 Castle
08:00 Workshop
08:40 Workshop
09:04 Town Hall
09:22 Scout Tower
10:56 Cannon Tower
11:50 Workshop
11:53 Scout Tower
11:56 Scout Tower
12:46 Farm
13:30 Farm
13:38 Farm
14:53 Farm
16:11 Farm
16:13 Farm
16:32 Guard Tower
19:27 Scout Tower
21:52 Keep
21:57 Scout Tower
21:57 Scout Tower
21:59 Scout Tower
22:39 Guard Tower
22:47 Scout Tower
23:44 Guard Tower
23:48 Barracks
24:27 Castle
24:31 Arcane Sanctum
24:57 Farm
32:38 Scout Tower
32:40 Scout Tower
32:42 Scout Tower
33:24 Guard Tower
33:27 Scout Tower
33:29 Scout Tower
33:30 Scout Tower
33:32 Scout Tower
team 2 (winner)
DontBeSoRude (
red | 72 APM | 1475 actions | 20:20)
4 Goblin Tinker
2 Cluster Rockets
2 Engineering Upgrade
2 Paladin
1 Holy Light
1 Devotion Aura
» actions
| Assign group hotkey | 35 | |
| Basic commands | 19 | |
| Build / train | 62 | |
| ESC pressed | 5 | |
| Enter build submenu | 24 | |
| Enter hero's abilities submenu | 6 | |
| Right click | 533 | |
| Select / deselect | 257 | |
| Select group hotkey | 472 | |
| Use ability | 62 | |
1475 total
» units
| Peasant | 8 | |
| Rifleman | 13 | |
| Sorceress | 7 | |
| Mortar Team | 9 | |
| Priest | 1 | |
38 total
» upgrades
| Gunpowder | 2 | |
| Long Rifles | 1 | |
| Sorceress Training | 1 | |
| Priest Training | 1 | |
| Armor | 1 | |
6 total
» buildings
| Blacksmith | 1 | |
| Barracks | 1 | |
| Farm | 13 | |
| Altar of Kings | 1 | |
| Lumber Mill | 1 | |
| Keep | 1 | |
| Workshop | 1 | |
| Arcane Sanctum | 1 | |
| Arcane Vault | 1 | |
21 total
» build order
00:18 Blacksmith
00:25 Barracks
00:37 Farm
01:27 Altar of Kings
02:09 Farm
02:10 Farm
02:48 Farm
03:13 Lumber Mill
03:23 Farm
04:02 Keep
05:14 Farm
05:45 Farm
06:41 Workshop
06:47 Arcane Sanctum
06:50 Arcane Vault
07:10 Farm
09:30 Farm
10:15 Farm
13:39 Farm
15:34 Farm
16:44 Farm
» items
| Scroll of Regeneration | 3 | |
| Scroll of Town Portal | 2 | |
| Lesser Clarity Potion | 1 | |
| Scroll of Healing | 2 | |
8 total
d5auto (
blue | 29 APM | 1281 actions | 44:07)
6 Blademaster
1 Wind Walk
3 Critical Strike
1 Mirror Image
1 Bladestorm
3 Shadow Hunter
1 Healing Wave
1 Serpent Ward
1 Hex
» actions
| Build / train | 118 | |
| Enter build submenu | 27 | |
| Enter hero's abilities submenu | 9 | |
| Give item / drop item | 1 | |
| Remove unit from queue | 1 | |
| Right click | 697 | |
| Select / deselect | 349 | |
| Use ability | 79 | |
1281 total
» units
| Peon | 27 | |
| Grunt | 8 | |
| Troll Headhunter/Berserker | 11 | |
| Wind Rider | 8 | |
| Goblin Zeppelin | 1 | |
| Shaman | 6 | |
| Tauren | 1 | |
| Knight | 7 | |
69 total
» upgrades
| Armor | 3 | |
| Ranged Weapons | 2 | |
| Spiked Barricades | 1 | |
| Envenomed Spears | 1 | |
| Shaman Training | 2 | |
| Melee Weapons | 1 | |
| Pulverize | 1 | |
| Animal War Training | 1 | |
| Plating | 1 | |
| Swords | 1 | |
14 total
» buildings
| Orc Burrow | 8 | |
| Altar of Storms | 2 | |
| Barracks | 1 | |
| War Mill | 1 | |
| Voodoo Lounge | 1 | |
| Watch Tower | 7 | |
| Stronghold | 2 | |
| Beastiary | 2 | |
| Fortress | 2 | |
| Spirit Lodge | 1 | |
| Great Hall | 2 | |
| Tauren Totem | 1 | |
30 total
» build order
00:07 Orc Burrow
00:15 Altar of Storms
01:16 Barracks
01:54 Orc Burrow
02:17 War Mill
03:03 Orc Burrow
03:41 Voodoo Lounge
03:47 Watch Tower
04:05 Watch Tower
05:03 Watch Tower
05:07 Watch Tower
06:01 Orc Burrow
07:23 Stronghold
07:26 Watch Tower
07:31 Orc Burrow
08:07 Watch Tower
09:31 Watch Tower
09:39 Orc Burrow
09:55 Beastiary
12:55 Fortress
13:55 Spirit Lodge
16:05 Beastiary
18:29 Great Hall
18:51 Tauren Totem
22:59 Orc Burrow
25:46 Orc Burrow
26:32 Great Hall
26:58 Stronghold
39:39 Altar of Storms
40:58 Fortress
» items
| Healing Salve | 1 | |
| Lesser Clarity Potion | 2 | |
| Potion of Healing | 8 | |
| Potion of Mana | 3 | |
| Scroll of Regeneration | 2 | |
| Orb of Fire | 2 | |
| Scroll of Town Portal | 1 | |
19 total
DoubleADoubleV (
pink | 60 APM | 3852 actions | 64:20)
10 Paladin
3 Holy Light
3 Divine Shield
1 Resurrection
3 Devotion Aura
» actions
| Assign group hotkey | 87 | |
| Basic commands | 78 | |
| Build / train | 207 | |
| ESC pressed | 2 | |
| Enter build submenu | 120 | |
| Enter hero's abilities submenu | 10 | |
| Give item / drop item | 8 | |
| Remove unit from queue | 4 | |
| Right click | 1599 | |
| Select / deselect | 860 | |
| Select group hotkey | 638 | |
| Use ability | 238 | |
3852 total
» units
| Peasant | 15 | |
| Footman | 7 | |
| Goblin Shredder | 1 | |
| Goblin Zeppelin | 2 | |
| Dragonhawk Rider | 5 | |
| Gryphon Rider | 16 | |
| Mortar Team | 13 | |
| Siege Engine | 4 | |
| Flying Machine | 4 | |
67 total
» upgrades
| Defend | 1 | |
| Masonry | 6 | |
| Swords | 2 | |
| Armor | 4 | |
| Storm Hammers | 1 | |
| Animal War Training | 1 | |
| Cloud | 1 | |
| Fragmentation Shards | 2 | |
| Magic Sentry | 2 | |
| Lumber Harvesting | 3 | |
| Long Rifles | 1 | |
| Gunpowder | 4 | |
| Backpack | 1 | |
| Plating | 3 | |
| Sorceress Training | 2 | |
| Barrage | 1 | |
| Priest Training | 2 | |
| Flare | 2 | |
| Flying Machine Bombs | 1 | |
| Flak Cannons | 1 | |
| Control Magic | 1 | |
42 total
» buildings
| Altar of Kings | 1 | |
| Farm | 25 | |
| Barracks | 1 | |
| Scout Tower | 73 | |
| Arcane Tower | 1 | |
| Keep | 4 | |
| Lumber Mill | 4 | |
| Blacksmith | 1 | |
| Gryphon Aviary | 4 | |
| Guard Tower | 43 | |
| Arcane Vault | 2 | |
| Castle | 4 | |
| Town Hall | 2 | |
| Cannon Tower | 4 | |
| Arcane Sanctum | 1 | |
| Workshop | 5 | |
175 total
» build order
00:04 Altar of Kings
00:09 Farm
00:15 Barracks
01:22 Farm
02:00 Farm
02:11 Scout Tower
02:49 Arcane Tower
02:56 Farm
04:04 Keep
04:04 Keep
04:26 Lumber Mill
04:32 Blacksmith
07:15 Scout Tower
07:18 Scout Tower
07:39 Gryphon Aviary
07:41 Gryphon Aviary
07:49 Guard Tower
07:54 Guard Tower
09:22 Arcane Vault
10:13 Castle
12:45 Farm
12:47 Farm
15:03 Farm
15:06 Farm
15:09 Farm
15:19 Town Hall
17:21 Scout Tower
17:23 Scout Tower
17:25 Scout Tower
17:26 Scout Tower
19:33 Guard Tower
19:33 Guard Tower
20:31 Scout Tower
20:32 Scout Tower
20:34 Scout Tower
20:35 Scout Tower
20:42 Scout Tower
20:42 Scout Tower
20:44 Scout Tower
20:45 Scout Tower
21:08 Guard Tower
21:08 Guard Tower
21:12 Scout Tower
21:13 Scout Tower
21:13 Scout Tower
21:18 Scout Tower
21:45 Guard Tower
21:48 Guard Tower
21:52 Guard Tower
21:52 Guard Tower
21:55 Cannon Tower
21:56 Cannon Tower
21:57 Cannon Tower
22:02 Scout Tower
22:03 Scout Tower
22:05 Scout Tower
22:07 Scout Tower
22:12 Scout Tower
22:14 Scout Tower
22:17 Scout Tower
22:19 Scout Tower
22:40 Guard Tower
22:41 Guard Tower
22:42 Guard Tower
22:42 Guard Tower
22:45 Guard Tower
22:46 Guard Tower
22:58 Scout Tower
23:00 Scout Tower
23:02 Scout Tower
23:04 Scout Tower
23:07 Scout Tower
23:09 Scout Tower
23:18 Scout Tower
23:19 Scout Tower
23:20 Scout Tower
23:36 Scout Tower
23:37 Scout Tower
23:38 Scout Tower
23:39 Scout Tower
23:41 Guard Tower
23:42 Guard Tower
23:44 Guard Tower
23:47 Scout Tower
23:50 Scout Tower
23:51 Scout Tower
23:53 Scout Tower
23:55 Scout Tower
23:57 Guard Tower
24:12 Guard Tower
24:12 Guard Tower
24:18 Scout Tower
24:20 Scout Tower
24:22 Scout Tower
24:23 Scout Tower
24:29 Scout Tower
24:32 Guard Tower
24:32 Guard Tower
24:36 Scout Tower
24:37 Scout Tower
24:41 Scout Tower
24:42 Scout Tower
24:51 Castle
24:55 Guard Tower
24:56 Guard Tower
25:04 Scout Tower
25:05 Scout Tower
25:10 Scout Tower
25:11 Scout Tower
25:37 Guard Tower
25:37 Guard Tower
25:46 Guard Tower
25:53 Guard Tower
25:56 Scout Tower
25:58 Scout Tower
26:00 Scout Tower
26:01 Scout Tower
26:20 Scout Tower
26:21 Scout Tower
26:22 Scout Tower
26:23 Scout Tower
26:33 Guard Tower
26:35 Guard Tower
26:38 Scout Tower
26:59 Guard Tower
27:00 Guard Tower
27:04 Guard Tower
27:04 Guard Tower
29:11 Guard Tower
31:55 Town Hall
32:37 Lumber Mill
36:45 Scout Tower
36:47 Scout Tower
36:50 Scout Tower
36:51 Scout Tower
38:17 Arcane Vault
40:17 Guard Tower
40:21 Keep
41:39 Arcane Sanctum
42:39 Lumber Mill
42:54 Castle
42:55 Castle
43:12 Workshop
43:15 Workshop
43:20 Workshop
44:07 Lumber Mill
45:38 Farm
45:39 Farm
46:09 Farm
46:10 Farm
46:10 Scout Tower
46:11 Scout Tower
46:40 Guard Tower
54:47 Gryphon Aviary
54:48 Gryphon Aviary
54:57 Workshop
54:58 Workshop
56:12 Farm
56:13 Farm
56:18 Farm
56:23 Farm
56:26 Farm
57:12 Farm
57:13 Farm
57:14 Farm
57:19 Farm
57:24 Farm
57:26 Farm
57:28 Farm
» items
| Scroll of Regeneration | 7 | |
| Lesser Clarity Potion | 6 | |
| Orb of Fire | 2 | |
| Scroll of Town Portal | 1 | |
| Potion of Mana | 4 | |
| Potion of Healing | 2 | |
| Alleria's Flute of Accuracy | 1 | |
| Runed Bracers | 2 | |
| Belt of Giant Strength +6 | 2 | |
27 total
SeeD-ViPeR (
purple | 35 APM | 2069 actions | 59:51)
7 Death Knight
3 Death Coil
3 Unholy Aura
1 Animate Dead
5 Lich
3 Frost Nova
2 Dark Ritual
» actions
| Assign group hotkey | 17 | |
| Basic commands | 95 | |
| Build / train | 126 | |
| Enter build submenu | 96 | |
| Enter hero's abilities submenu | 12 | |
| Give item / drop item | 4 | |
| Remove unit from queue | 1 | |
| Right click | 847 | |
| Select / deselect | 696 | |
| Select group hotkey | 8 | |
| Use ability | 167 | |
2069 total
» units
| Acolyte | 26 | |
| Ghoul | 9 | |
| Crypt Fiend | 7 | |
| Goblin Zeppelin | 1 | |
| Frost Wyrm | 3 | |
| Gargoyle | 19 | |
65 total
» upgrades
| Web | 1 | |
| Burrow | 1 | |
| Creature Attack | 3 | |
| Creature Carapace | 2 | |
| Cannibalize | 1 | |
| Freezing Breath | 1 | |
| Stone Form | 1 | |
10 total
» buildings
| Altar of Darkness | 5 | |
| Ziggurat | 36 | |
| Crypt | 9 | |
| Graveyard | 6 | |
| Halls of the Dead | 5 | |
| Tomb of Relics | 4 | |
| Nerubian Tower | 3 | |
| Spirit Tower | 12 | |
| Black Citadel | 3 | |
| Sacrificial Pit | 3 | |
| Necropolis | 7 | |
| Boneyard | 8 | |
101 total
» build order
00:18 Altar of Darkness
00:23 Ziggurat
00:41 Crypt
01:01 Graveyard
01:49 Ziggurat
02:16 Ziggurat
03:15 Halls of the Dead
03:24 Tomb of Relics
03:40 Nerubian Tower
03:41 Spirit Tower
04:22 Spirit Tower
07:12 Halls of the Dead
07:22 Ziggurat
07:59 Graveyard
08:20 Ziggurat
08:25 Ziggurat
09:34 Black Citadel
10:16 Sacrificial Pit
12:25 Necropolis
12:39 Boneyard
12:44 Boneyard
12:48 Boneyard
14:23 Ziggurat
17:43 Ziggurat
21:12 Halls of the Dead
21:24 Spirit Tower
21:28 Altar of Darkness
21:33 Necropolis
21:40 Graveyard
21:43 Crypt
21:53 Ziggurat
21:56 Ziggurat
22:00 Ziggurat
22:10 Ziggurat
22:14 Ziggurat
22:50 Ziggurat
22:52 Spirit Tower
22:54 Spirit Tower
22:55 Spirit Tower
24:45 Nerubian Tower
24:46 Nerubian Tower
24:47 Spirit Tower
24:50 Black Citadel
26:39 Sacrificial Pit
26:53 Ziggurat
27:08 Crypt
27:28 Boneyard
27:34 Boneyard
27:39 Boneyard
27:52 Spirit Tower
28:03 Tomb of Relics
30:41 Ziggurat
30:43 Ziggurat
30:48 Ziggurat
30:50 Ziggurat
30:53 Ziggurat
30:56 Halls of the Dead
31:01 Altar of Darkness
31:09 Graveyard
34:17 Necropolis
34:22 Necropolis
34:29 Graveyard
34:32 Necropolis
34:40 Ziggurat
34:44 Ziggurat
34:46 Ziggurat
34:48 Ziggurat
34:54 Altar of Darkness
34:58 Crypt
35:01 Crypt
35:05 Ziggurat
35:11 Ziggurat
35:13 Ziggurat
37:04 Halls of the Dead
38:01 Tomb of Relics
38:06 Spirit Tower
38:09 Spirit Tower
38:12 Spirit Tower
39:14 Ziggurat
39:27 Black Citadel
40:19 Sacrificial Pit
40:45 Spirit Tower
41:59 Boneyard
42:04 Boneyard
44:53 Necropolis
46:06 Necropolis
51:15 Altar of Darkness
51:17 Crypt
51:20 Crypt
51:23 Crypt
51:28 Crypt
52:00 Graveyard
52:08 Ziggurat
52:12 Ziggurat
52:19 Ziggurat
52:21 Ziggurat
53:12 Ziggurat
53:14 Ziggurat
53:18 Ziggurat
53:27 Ziggurat
55:23 Tomb of Relics
» items
| Sacrificial Skull | 2 | |
| Rod of Necromancy | 1 | |
| Potion of Healing | 4 | |
| Scroll of Town Portal | 3 | |
| Potion of Mana | 3 | |
13 total
Chat log
(00:10 / All) SeeD-ViPeR: oj is a tudors fan?
(00:22 / All) HeadsWillRolI: Yeah Yeah Yeahs
(00:30 / Allies) DontBeSoRude: go mass rush k?
(00:34 / All) SeeD-ViPeR: too bad it only had like 4 seasons
(00:43 / All) HeadsWillRolI: The band Yeah Yeah Yeahs
(00:54 / All) SeeD-ViPeR: i hope the borgias lasts longer
(01:12 / All) HeadsWillRolI: Caesar Borgias?
(01:34 / All) SeeD-ViPeR: nevermind the tv show made by same guy who did tudors
(01:40 / All) HeadsWillRolI: And Pope Innonence III?
(01:44 / All) HeadsWillRolI: Oh
(01:55 / All) HeadsWillRolI: Wasn't Tudors on showtime?
(01:59 / All) SeeD-ViPeR: yea that crooked pope
(02:02 / All) SeeD-ViPeR: yes
(02:04 / All) SeeD-ViPeR: so is this
(02:12 / All) HeadsWillRolI: I prefer the HBO shows
(02:17 / All) HeadsWillRolI: Deadwood, Rome, GOT
(02:25 / All) SeeD-ViPeR: rome cancelled before its time
(02:29 / All) HeadsWillRolI: A Song of Ice and Fire much better htough
(02:37 / All) SeeD-ViPeR: game of thrones is bitchin
(02:44 / All) SeeD-ViPeR: books of course are better but they do ok
(03:26 / Allies) DontBeSoRude: meet
(04:13 / Allies) SeeD-ViPeR: blue
(04:19 / Allies) SeeD-ViPeR: we hitting?
(04:28 / Allies) DontBeSoRude: thought we rush
(04:29 / Allies) DontBeSoRude: but...
(04:58 / Allies) DoubleADoubleV: you coming blue and purp
(05:03 / Allies) SeeD-ViPeR: sure
(05:55 / Allies) SeeD-ViPeR: tower
(05:56 / Allies) SeeD-ViPeR: building
(07:01 / Allies) DontBeSoRude: b
(07:09 / Allies) SeeD-ViPeR: hero got cvaught had to tp
(07:52 / Allies) DoubleADoubleV: wood please
(09:23 / Allies) DontBeSoRude: attack?
(09:52 / Allies) DontBeSoRude: go
(10:04 / Allies) DoubleADoubleV: wood
(10:14 / Allies) DoubleADoubleV: thanks red
(11:51 / Allies) DontBeSoRude: where are your units
(11:56 / Allies) DontBeSoRude: are you kidding me ;)
(12:19 / Allies) DontBeSoRude: weird
(15:41 / Allies) DontBeSoRude: hit?
(15:46 / Allies) SeeD-ViPeR: yes
(15:56 / Allies) DontBeSoRude: meet here
(16:21 / Allies) DontBeSoRude: .................................
(16:26 / Allies) DontBeSoRude: we didnt say attack did we?
(16:35 / Allies) SeeD-ViPeR: 3 wyrms coming
(16:37 / Allies) DontBeSoRude: meet
(17:12 / Allies) DontBeSoRude: COME ON BLUE
(17:20 / Allies) DontBeSoRude: DONT LOSE UNITS TO CREEPS
(17:22 / Allies) DontBeSoRude: ATTACK WITH US
(17:34 / Allies) SeeD-ViPeR: pink
(17:39 / Allies) DontBeSoRude: PINK
(17:43 / Allies) DontBeSoRude: WHY DONT YOU WAIT ALL
(17:44 / Allies) DoubleADoubleV: relax
(17:49 / Allies) DontBeSoRude: honestly
(17:52 / Allies) DontBeSoRude: blue
(17:55 / Allies) DontBeSoRude: is not here
(18:00 / Allies) DontBeSoRude: u wanna play 3v4?
(18:05 / Allies) DontBeSoRude: sad sad
(18:49 / Allies) DontBeSoRude: you annoy me so hard
(18:51 / Allies) DontBeSoRude: fuck this
(18:57 / Allies) DontBeSoRude: and THINK about why you play team games
(19:30 / Allies) DontBeSoRude: TP ALL
(20:15 / Allies) DontBeSoRude: FUNNY
(20:18 / Allies) DontBeSoRude: PURPLE
(21:38 / Allies) DoubleADoubleV: orange is backstabbing and a friend, we can still win
(23:55 / Allies) SeeD-ViPeR: all good im rebuilding
(23:59 / Allies) DoubleADoubleV: k
(24:05 / Allies) SeeD-ViPeR: and i did that
(24:33 / Allies) SeeD-ViPeR: u said oj on our team?
(24:37 / Allies) DoubleADoubleV: yes
(25:08 / Allies) SeeD-ViPeR: ills earch for expos
(25:42 / Allies) DoubleADoubleV: they might have expos top left
(25:49 / Allies) SeeD-ViPeR: looking
(26:00 / Allies) SeeD-ViPeR: yes
(26:25 / Allies) SeeD-ViPeR: oj on team?
(26:29 / Allies) DoubleADoubleV: yes
(26:48 / All) sagerncules: koool
(29:14 / Allies) SeeD-ViPeR: help?
(30:05 / Allies) SeeD-ViPeR: why isnt oj helping
(30:15 / Allies) SeeD-ViPeR: wtf is this
(30:18 / Allies) DoubleADoubleV: he is just making it look like he is on their team
(30:26 / Allies) SeeD-ViPeR: well im fucked
(30:28 / Allies) SeeD-ViPeR: completely
(31:05 / Allies) SeeD-ViPeR: i should have kille dur friend
(32:05 / Allies) SeeD-ViPeR: why arent u fucking helping me
(33:24 / Allies) SeeD-ViPeR: ur friend oj is an asshole he just won it for them
(33:28 / Allies) SeeD-ViPeR: killing all my expos
(33:29 / Allies) DoubleADoubleV: lol
(34:54 / All) DoubleADoubleV: you lost, out
(35:51 / All) HeadsWillRolI: I have 13.5k thank you very much
(36:00 / All) HeadsWillRolI: Don't underestimate my wealth again, bastard
(37:16 / All) HeadsWillRolI: Don't blame me because you guys are ass
(37:28 / Allies) SeeD-ViPeR: he isnt gonna help us is he?
(37:33 / Allies) DoubleADoubleV: he is rigght now
(38:47 / Allies) SeeD-ViPeR: lol
(38:52 / Allies) SeeD-ViPeR: helping u my ass
(38:56 / Allies) DoubleADoubleV: he is fool
(38:59 / Allies) DoubleADoubleV: watch replay
(39:54 / All) sagerncules: this is boring
(40:00 / All) DoubleADoubleV: You lost 1v4, leave
(40:06 / All) sagerncules: ?
(40:11 / All) DoubleADoubleV: Out.
(40:22 / All) sagerncules: oj has 22000 gold
(40:37 / All) DoubleADoubleV: Of course he does, he is a rich white man and not black like you yellow
(40:50 / All) DoubleADoubleV: I only have 7k because I am a middle class white man
(40:53 / All) sagerncules: im not black
(40:59 / All) DoubleADoubleV: Yes you are.
(41:07 / All) sagerncules: my house just got fucked up by other white ppl
(41:18 / All) sagerncules: now i live on the streets in a business suit
(41:42 / All) sagerncules: im gonna bs oj then leave
(41:51 / All) DoubleADoubleV: lol k, hf trying
(42:56 / Allies) DoubleADoubleV: OJ just likes to make sure he has total dominance
(42:58 / All) HeadsWillRolI: He tried to hall me expo with tanks
(43:04 / All) HeadsWillRolI: What a fool
(43:41 / All) HeadsWillRolI: you are too noob man - green
(45:12 / Allies) SeeD-ViPeR: why
(46:58 / All) DoubleADoubleV: I have 3 castles
(48:43 / All) DoubleADoubleV: I can't let you do that, starfox!
(49:06 / Allies) SeeD-ViPeR: damnit
(49:07 / Allies) SeeD-ViPeR: why
(49:15 / Allies) DoubleADoubleV: The game needs to be in our hands
(49:22 / Allies) DoubleADoubleV: So I can't let you do that
(49:23 / Allies) DoubleADoubleV: Starfox!
(49:43 / All) AnDoRiNhA_rOx.: gg
(49:53 / All) DoubleADoubleV: The victor has not yet been decided green
(50:01 / All) HeadsWillRolI: Flee
(50:09 / All) SeeD-ViPeR: if my team and ur team are bsing how do anyone win?
(50:18 / All) DoubleADoubleV: The one we wants to win is the one that wins
(51:22 / All) AnDoRiNhA_rOx.: pls leave
(51:33 / All) SeeD-ViPeR: they bsing each other
(51:33 / All) DoubleADoubleV: That's right, green
(51:37 / All) DoubleADoubleV: Beg for your miserable life
(52:13 / Allies) DoubleADoubleV: Make a hero, purple. I will let you have a hero.
(52:28 / Allies) SeeD-ViPeR: pink ur gonna lose to oj anyways
(52:34 / Allies) DoubleADoubleV: And do not rebuild in the middle, it's only free XP for his hero
(52:39 / Allies) DoubleADoubleV: I could rape his army fool
(52:42 / Allies) DoubleADoubleV: I have tons of AA
(52:49 / Allies) DoubleADoubleV: We are friends, so why would we?
(52:51 / Allies) SeeD-ViPeR: he's gonna win
(53:20 / All) DoubleADoubleV: Purple, I cannot allow you to rebuild
(53:35 / Allies) SeeD-ViPeR: i know i know u are an asshole
(53:57 / All) DoubleADoubleV: Purple, you are 30-29 that is laughable. Please be quiet and do not talk unless spoken to
(54:15 / Allies) SeeD-ViPeR: im that score because of shits like you
(54:21 / Allies) SeeD-ViPeR: ksers
(54:24 / All) DoubleADoubleV: Are you mad?
(54:30 / All) SeeD-ViPeR: annoyed
(55:09 / Allies) SeeD-ViPeR: its annoying bc if we had known we would have killed both oj and u at start
(55:26 / Allies) DoubleADoubleV: You could have tried
(55:37 / All) SeeD-ViPeR: but we didnt know thatsd the thing
(55:39 / All) SeeD-ViPeR: so annnyoing
(55:48 / All) SeeD-ViPeR: whos gonna get this win?
(55:55 / All) DoubleADoubleV: No idea yet
(55:56 / All) SeeD-ViPeR: if i leave u guys who letting win game?
(56:00 / All) DoubleADoubleV: What do you think, Turncoat?
(56:15 / All) SeeD-ViPeR: i want a win for this annnoyancie
(56:45 / All) DoubleADoubleV: You are very desperate and try hard, purple. I do not think the honour should go to you.
(56:59 / All) HeadsWillRolI: Come and get some purple
(57:28 / Allies) SeeD-ViPeR: well everythings gone now what
(58:12 / All) DoubleADoubleV: What would you think about a Mexican Standoff?
(58:15 / All) HeadsWillRolI: Tping on frogs and rabbits rapes
(58:21 / All) HeadsWillRolI: The only solution
(59:00 / Allies) SeeD-ViPeR: uuuu i thought i could keep heroes?
(59:08 / Allies) DoubleADoubleV: Not anymore
(59:12 / Allies) SeeD-ViPeR: haha
(59:14 / All) DoubleADoubleV: Purple
(59:16 / All) DoubleADoubleV: You can still win this
(59:17 / Allies) SeeD-ViPeR: ok retard lets see who wins
(59:22 / All) DoubleADoubleV: We will create a Mexican Standoff
(59:28 / All) DoubleADoubleV: We will kill everything, including our own stuff
(59:31 / All) SeeD-ViPeR: i believe oj will win kick his noob ass
(59:32 / All) DoubleADoubleV: Two buildings will remain
(59:38 / All) DoubleADoubleV: Without being able to attack each other
(59:42 / All) DoubleADoubleV: The one with the best Internet wins
(59:51 / All) DoubleADoubleV: Sound fair?
(59:55 / All) HeadsWillRolI: Welp
(59:56 / All) DoubleADoubleV: He wants none of that
(59:58 / All) HeadsWillRolI: Guess green has to lose
(60:14 / All) DoubleADoubleV: Shall I help kill your stuff?
(60:14 / All) HeadsWillRolI: Sorry Green, you had a shot now you got not shot
(60:20 / All) HeadsWillRolI: Cuz purple's a yellowbelly coward
(60:23 / All) HeadsWillRolI: But thems the breaks
(60:26 / All) HeadsWillRolI: aye
(61:13 / All) HeadsWillRolI: Teal, you can't win now
(61:20 / All) HeadsWillRolI: Purple's a yellabelly coward
(61:27 / All) HeadsWillRolI: Only way you don't get a loss is if you leave
(61:49 / All) HeadsWillRolI: Had 5 gold mines running again
(61:51 / All) HeadsWillRolI: 42 k
(61:58 / All) HeadsWillRolI: in high upkeep
(62:01 / All) DoubleADoubleV: Nice
(62:38 / All) HeadsWillRolI: Jorn the Redeemer
(62:52 / All) DoubleADoubleV: What about him? He owns
(63:02 / All) HeadsWillRolI: He has redeemed
(63:05 / All) HeadsWillRolI: The souls of the lost ones
(63:09 / All) DoubleADoubleV: Indeed
(63:37 / All) HeadsWillRolI: lol @ green's name
(63:47 / All) DoubleADoubleV: Andorinha?
(63:50 / All) HeadsWillRolI: isn't that the sorceress from the campaign?
(63:53 / All) DoubleADoubleV: No idea
(64:03 / All) DoubleADoubleV: I thought that was Jaina Proudmoore in the campaign
(64:04 / All) HeadsWillRolI: I will have to google that
(64:08 / All) HeadsWillRolI: Oh yeah